Angry

Match 45298446
End
Selects Advanced Infantry Battlegroup
Construct Barracks
Riflemen Squad
1⁄4-ton 4x4 Truck
Riflemen Squad
Selects Artillery Observers
Construct Medical Station
Riflemen Squad
Selects Convert to Ranger Squad
Convert to Ranger Squad
Ranger Squad
Selects Frontline Medical Station
Convert to Ranger Squad
Frontline Medical Station
Infantry Support Center
Selects M2A1 105mm Howitzer Emplacement
Advanced Logistics
Ranger Squad
Selects Free Fire Drills
Survival Training
Engineer Squad
Selects Infantry Assault
Infantry Assault
Artillery Observer Squad
Infantry Assault
Construct Tank Depot
M4(105) Sherman Bulldozer
Infantry Assault
Ranger Squad
Frontline Medical Station
M4A1 Sherman Medium Tank
Infantry Assault
Infantry Assault
Captain Retinue
Ranger Squad
ImDissy
RuuN
J
Lt_Winters
TheGreatone
[38.] Nowhere Queen
0
0

Comments sign in to comment!

No comments posted yet!